 Dungeon Crawl Stone Soup version 0.21.1-1-g345015fe64 (webtiles) character file.

97 FreshCat the Ducker (level 4, -1/21 HPs)
             Began as a Felid Berserker on Apr 17, 2018.
             Was a Believer of Trog.
             Slain by a phantom (6 damage)
             ... on level 3 of the Dungeon.
             The game lasted 00:07:46 (2456 turns).

FreshCat the Ducker (Felid Berserker)               Turns: 2456, Time: 00:07:46

Health: -1/21      AC:  1    Str: 14    XL:     4   Next: 42%
Magic:  5/5        EV: 20    Int:  8    God:    Trog [**....]
Gold:   153        SH:  0    Dex: 15    Spells: 3/3 levels left
                                        Lives:  0   Deaths: 1

rFire    . . .     SeeInvis +     - Unarmed
rCold    . . .     Gourm    .   (shield unavailable)
rNeg     . . .     Faith    .   (armour unavailable)
rPois    .         Spirit   .   (helmet unavailable)
rElec    .         Reflect  .   (cloak unavailable)
rCorr    .         Harm     .   (gloves unavailable)
MR       .....                  (boots unavailable)
Stlth    +++.......             i - amulet of inaccuracy (curse)
HPRegen  0.07/turn              (no ring)
MPRegen  0.09/turn              (no ring)

@: berserk cooldown, slowed, slow
A: very small, no armour, no weapons or thrown items, stealth, claws 1, fangs 3,
see invisible, carnivore, speed 1, shaggy fur 1, slow metabolism 1, sharp paws
a: Berserk, Trog's Hand, Burn Spellbooks, Renounce Religion


You were on level 3 of the Dungeon.
You worshipped Trog.
Trog was pleased with you.
You were not hungry.

You visited 1 branch of the dungeon, and saw 4 of its levels.

You collected 153 gold pieces.

Inventory:

Jewellery
 i - a cursed amulet of inaccuracy (around neck)
Scrolls
 d - a scroll of identify
Potions
 b - 3 potions of flight
 c - a potion of agility
 e - 2 potions of degeneration {unknown}
 f - 2 potions of lignification {unknown}
 g - 2 potions of curing {unknown}
 h - 2 potions of ambrosia {unknown}
 j - a potion of haste {unknown}
 k - a potion of berserk rage {unknown}
Comestibles
 a - 7 rations


   Skills:
 + Level 3.4 Fighting
 + Level 5.1 Dodging
 * Level 3.2 Stealth
 + Level 4.3 Unarmed Combat


You had 3 spell levels left.
You didn't know any spells.

Dungeon Overview and Level Annotations

Branches:
Dungeon (4/15)
 Temple: D:4-7

Altars:
Okawaru


Innate Abilities, Weirdness & Mutations

You cannot wear armour.
You are incapable of wielding weapons or throwing items.
Your paws allow you to move quietly. (Stealth)
You have sharp claws.
You have razor-sharp teeth.
You have supernaturally acute eyesight. (SInv)
You are carnivorous and can eat meat at any time.
You cover ground quickly.
You are covered in fur. (AC +1)
You have a slow metabolism.
Your sharp claws are effective at attacking unaware monsters.


Message History

You miss the phantom.
The phantom is severely damaged.
You claw the phantom! Your claw misses the phantom.
The phantom is almost destroyed.
The phantom blinks!
You miss the phantom.
The phantom is almost destroyed.
You scratch the phantom but do no damage.
Your bite misses the phantom.
The phantom is almost destroyed.
The phantom completely misses you.
You miss the phantom.
The phantom is almost destroyed.
You are no longer berserk.
You are exhausted.
You feel yourself slow down.
You miss the phantom.
The phantom is almost destroyed.
The phantom hits you.
You die...

##... #
###...#.#
#.....#.# .
#.......# ..
#.....### ...
#.......# ....
#.....#.###....w
#..W..#.........
#...@..>........
#.....#........#
####
#.....#####....#
#... #.....#
....###...
#.....#
#...........
#.....#
#...........
#######
#...........
#.........)#
#......(...#


You could see a phantom.

Vanquished Creatures
  A scorpion (D:4)
  An orc wizard (D:3)
  3 adders
  A worm (D:3)
  2 dart slugs
  2 orcs (D:3)
  A ball python (D:1)
  3 giant cockroaches
  5 goblins
  5 hobgoblins
  5 kobolds
  A quokka (D:2)
  6 bats
  4 frilled lizards
  5 rats
45 creatures vanquished.

Notes
Turn   | Place    | Note
-------+----------+-------------------------------------------
     0 | D:1      | FreshCat the Felid Berserker began the quest for the Orb.
     0 | D:1      | Reached XP level 1. HP: 10/10 MP: 2/2
   258 | D:1      | Reached XP level 2. HP: 11/14 MP: 3/3
  1088 | D:3      | Reached skill level 1 in Stealth
  1240 | D:2      | Reached XP level 3. HP: 15/17 MP: 4/4
  1360 | D:2      | Reached ** piety under Trog
  1764 | D:2      | Found an iron altar of Okawaru.
  2296 | D:3      | Noticed a phantom
  2302 | D:3      | Reached XP level 4. HP: 11/21 MP: 5/5
  2308 | D:3      | Reached skill level 5 in Dodging
  2316 | D:3      | Slain by a phantom
  2317 | D:3      | Reached XP level 3. HP: -4/25 MP: 4/4
  2327 | D:4      | Noticed a scorpion
  2336 | D:4      | Killed a scorpion
  2336 | D:4      | Reached XP level 4. HP: 14/21 MP: 5/5
  2456 | D:3      | Slain by a phantom

Skill      XL: |  1  2  3  4 |
---------------+-------------+-----
Stealth        | 1 3 |  3.2
Dodging        | 5 |  5.1
Unarmed Combat | 4 |  4.3
Fighting       | |  3.4

Action                   |  1- 3 |  4- 6 || total
-------------------------+-------+-------++-------
Melee: Unarmed           |   111 |    35 ||   146
       Bite              |    11 |       ||    11
       Punch             |     1 |       ||     1
Invok: Berserk           |     3 |     1 ||     4
  Use: Scroll            |     6 |       ||     6
 Stab: Sleeping          |     5 |       ||     5
  Eat: Chunk             |    11 |       ||    11
Armor: Skin              |     8 |       ||     8
Dodge: Dodged            |    76 |    25 ||   101
